 Dungeon Crawl Stone Soup version 0.29.1-15-g9cfb28693d (webtiles) character file.

Game seed: 1857511840293302790

44 Descartes the Cutter (level 3, 0/19 HPs)
             Began as a Spriggan Chaos Knight on Mar 13, 2023.
             Was a Plaything of Xom.
             Killed from afar by Sigmund (10 damage)
             ... with a puff of flame
             ... on level 2 of the Dungeon.
             The game lasted 00:02:19 (1022 turns).

Descartes the Cutter (Spriggan Chaos Knight)        Turns: 1022, Time: 00:02:20

Health: 0/19       AC:  4    Str: 10    XL:     3   Next: 41%
Magic:  0/5        EV: 18    Int: 13    God:    Xom [....*.]
Gold:   35         SH:  0    Dex: 14    Spells: 4/4 levels left

rFire   . . .      SeeInvis +   a - +0 short sword (chaos)
rCold   . . .      Faith    .   (no shield)
rNeg    . . .      Spirit   +   b - +2 robe
rPois   .          Reflect  .   (helmet restricted)
rElec   .          Harm     .   (no cloak)
rCorr   .          Rampage  .   (gloves unavailable)
Will    .....                   (boots unavailable)
Stlth   ++........              f - amulet of guardian spirit
HPRegen 0.06/turn               (no ring)
MPRegen 0.09/turn               (no ring)

@: cleaving, very quick
A: very small, no large weapons, unfitting armour, see invisible, speed 3
a: Renounce Religion


You were on level 2 of the Dungeon.
You worshipped Xom.
You were a beloved toy of Xom.
You visited 1 branch of the dungeon, and saw 2 of its levels.

You collected 35 gold pieces.

Inventory:

Hand Weapons
 a - a +0 short sword of chaos (weapon)
Armour
 b - a +2 robe (worn)
Jewellery
 f - an amulet of guardian spirit (around neck)
Scrolls
 d - 2 scrolls of teleportation {unknown}
 e - a scroll of immolation {unknown}
 i - 3 scrolls of identify {unknown}
 l - a scroll of poison {unknown}
Potions
 g - a potion of cancellation {unknown}
 h - a potion of degeneration {unknown}
 j - a potion of might {unknown}
 k - a potion of curing {unknown}
Miscellaneous
 c - a piece from Xom's chessboard (15/15) (quivered)


   Skills:
 + Level 2.6 Fighting
 + Level 3.6 Short Blades
 + Level 3.6 Dodging
 + Level 2.2 Stealth
 + Level 1.1 Spellcasting
 + Level 1.0 Evocations


You had 4 spell levels left.
You didn't know any spells.
Your spell library contained the following spells:

 Spells                   Type           Power      Damage    Failure   Level
 Foxfire                  Conj/Fire      0%         2x1d4     28%         1
 Conjure Flame            Conj/Fire      0%         6-21      63%         3
 Inner Flame              Hex/Fire       0%         N/A       63%         3
 Flame Wave               Conj/Fire      0%         2d4       95%         4


Dungeon Overview and Level Annotations

Branches:
Dungeon (2/15)

Altars:

Annotations:
D:2 Sigmund


Innate Abilities, Weirdness & Mutations

You are very small and have problems with some larger weapons.
You are too small for most types of armour.
You have supernaturally acute eyesight. (SInv)
You cover ground extremely quickly. (Speed+++)


Message History

You open the door.
There is an open door here.
l - a scroll labelled XUUMEUPHY You see here an adder corpse.
Found a ring mail.
Sigmund the Dreaded comes into view.
He is wielding a +0 scythe.
Found a stone staircase leading up.
Sigmund shouts! "Go forth and cause havoc, mortal!"
Your +0 short sword of chaos looks sharp.
Sigmund misses you.
You hit Sigmund.
Space warps horribly around Sigmund!
Sigmund is severely wounded.
Sigmund casts a spell.
Sigmund flickers and vanishes for a moment.
You barely miss Sigmund.
Sigmund is severely wounded.
Sigmund misses you.
You barely miss Sigmund.
Sigmund is severely wounded.
You barely miss Sigmund.
Sigmund is severely wounded.
Sigmund misses you.
You closely miss Sigmund. You punch Sigmund, but do no damage.
Sigmund is severely wounded.
You closely miss Sigmund.
Sigmund is severely wounded.
Sigmund casts a spell at you. The magic dart hits you.
You barely miss Sigmund.
Sigmund is severely wounded.
Sigmund casts a spell at you. The magic dart hits you!
You hit Sigmund.
Sigmund is severely wounded.
Sigmund casts a spell at you. The puff of flame hits you!
Ouch! That really hurt!
You die...
Xom guffaws!

............. ##
.....###...♣♣ .
... ##.P..
.#######. . #..♣P
......... #...P #
....#.# ##...
#.##....###.#
##..
......@.....# ###
#.<..@###
#.......#####
######......#
#...##.# #.#.[#
#.##.# ######
#.##.# ####.....
..##.## #........
####..###........


You could see Sigmund (invisible).

Vanquished Creatures
  2 adders (D:2)
  3 ball pythons (D:1)
  3 endoplasms
  A giant cockroach (D:1)
  4 goblins
  2 hobgoblins
  3 quokkas (D:1)
  3 frilled lizards
  2 kobolds (D:1)
  2 rats
25 creatures vanquished.

Notes
Turn   | Place    | Note
-------+----------+-------------------------------------------
     0 | D:1      | Descartes the Spriggan Chaos Knight began the quest for the
                  | Orb.
     0 | D:1      | Reached XP level 1. HP: 11/11 MP: 2/2
    83 | D:1      | Reached skill level 1 in Stealth
   165 | D:1      | Reached XP level 2. HP: 16/16 MP: 3/3
   356 | D:1      | XOM: divination: detect creatures
   402 | D:1      | XOM: silly message
   459 | D:1      | XOM: divination: detect items
   732 | D:2      | XOM: noise
   772 | D:2      | Found a faded altar of an unknown god.
   839 | D:2      | Reached skill level 1 in Spellcasting
   839 | D:2      | Reached XP level 3. HP: 15/19 MP: 5/5
   928 | D:2      | Reached skill level 1 in Evocations
  1009 | D:2      | Noticed Sigmund
  1013 | D:2      | XOM: cleaving
  1022 | D:2      | Killed from afar by Sigmund

Illustrated notes

Levels and vault maps discovered:
D:1:      elethiomel_arrival_quiet, layout_basic,
          hangedman_decor_clover_reticule
D:2:      layout_basic, dreamdust_ecumenical_altar_grove, uniq_sigmund

Skill      XL: |  1  2  3 |
---------------+----------+-----
Stealth        | 1 2 |  2.2
Spellcasting   | 1 |  1.1
Evocations     | 1 |  1.0
Fighting       | |  2.6
Short Blades   | |  3.6
Dodging        | |  3.6

Action                   || total
-------------------------++-------
Melee: Short sword       ||    79
       Punch             ||     1
 Stab: Sleeping          ||     4
Armor: Robe              ||     4
Dodge: Dodged            ||    46
